2741 views
Uploaded 2020-10-26 09:51:43
Game version 1.32.8
7:44 long 2on2 custom game on (4)LostTemple_LV
Game name "w3c-20-1pvtKA4XW"
Saved by DiStuRb
2741 views
Uploaded 2020-10-26 09:51:43
Game version 1.32.8
7:44 long 2on2 custom game on (4)LostTemple_LV
Game name "w3c-20-1pvtKA4XW"


34 units @ 4.4k
/ 0.2k
20 buildings @ 2.5k
/ 0.7k


| Rod of Necromancy | 3 | 450 |
| total: | 3 | 450g |
| Acolyte | 2 | 150 | / | 0 |
| Ghoul | 3 | 360 | / | 0 |
| Crypt Fiend | 6 | 1290 | / | 240 |
| total: | 11 | 1800g | / | 240w |
| Crypt | 1 | 200 | / | 50 |
| Graveyard | 1 | 215 | / | 0 |
| Altar of Darkness | 1 | 180 | / | 50 |
| Ziggurat | 4 | 600 | / | 200 |
| Tomb of Relics | 1 | 130 | / | 30 |
| Slaughterhouse | 1 | 140 | / | 135 |
| Halls of the Dead | 1 | 320 | / | 210 |
| Black Citadel | 1 | 325 | / | 230 |
| total: | 9 | 1465g | / | 465w |
| 0:01 | Acolyte |
| 0:05 | Crypt |
| 0:11 | Graveyard |
| 0:16 | Acolyte |
| 0:40 | Altar of Darkness |
| 0:55 | Ziggurat |
| 1:07 | Ghoul |
| 1:27 | Tomb of Relics |
| 1:50 | Crypt Fiend |
| 1:58 | Ziggurat |
| 2:29 | Crypt Fiend |
| 2:44 | Rod of Necromancy |
| 2:48 | Death Coil |
| 3:33 | Halls of the Dead |
| 3:38 | Ghoul |
| 3:57 | Crypt Fiend |
| 4:13 | Crypt Fiend |
| 4:18 | Unholy Aura |
| 4:21 | Ziggurat |
| 4:55 | Rod of Necromancy |
| 5:05 | Ghoul |
| 5:25 | Crypt Fiend |
| 5:46 | Crypt Fiend |
| 5:48 | Ziggurat |
| 6:39 | Black Citadel |
| 6:44 | Slaughterhouse |
| 7:13 | Rod of Necromancy |
| 7:22 | Frost Nova |
| 7:32 | Death Coil |
| Right click | 470 |
| Chat | 137 |
| Select | 97 |
| Select group | 78 |
| Build/train/purchase | 29 |
| Assign group | 12 |
| Misc. action | 8 |
| Use ability | 3 |
| Esc | 1 |

| Mechanical Critter | 3 | 150 |
| total: | 3 | 150g |
| Peasant | 9 | 675 | / | 0 |
| Footman | 14 | 1890 | / | 0 |
| total: | 23 | 2565g | / | 0w |
| Scout Tower | 2 | 60 | / | 40 |
| Arcane Tower | 1 | 70 | / | 50 |
| Lumber Mill | 1 | 120 | / | 0 |
| Farm | 5 | 400 | / | 100 |
| Barracks | 1 | 160 | / | 60 |
| Altar of Kings | 1 | 180 | / | 50 |
| Arcane Vault | 1 | 130 | / | 30 |
| Keep | 1 | 320 | / | 210 |
| total: | 11 | 1050g | / | 280w |
| 0:02 | Lumber Mill |
| 0:03 | Peasant |
| 0:03 | Peasant |
| 0:21 | Farm |
| 0:22 | Peasant |
| 0:39 | Barracks |
| 0:40 | Peasant |
| 0:52 | Altar of Kings |
| 1:03 | Peasant |
| 1:03 | Peasant |
| 1:07 | Peasant |
| 1:33 | Peasant |
| 1:38 | Farm |
| 1:43 | Arcane Vault |
| 1:59 | Footman |
| 2:00 | Footman |
| 2:19 | Footman |
| 2:19 | Footman |
| 2:27 | Peasant |
| 2:35 | Farm |
| 2:45 | Scout Tower |
| 2:56 | Footman |
| 3:06 | Farm |
| 3:12 | Devotion Aura |
| 3:14 | Mechanical Critter |
| 3:14 | Mechanical Critter |
| 3:14 | Mechanical Critter |
| 3:29 | Footman |
| 3:43 | Footman |
| 3:59 | Footman |
| 4:02 | Farm |
| 4:18 | Footman |
| 4:26 | Arcane Tower |
| 4:28 | Scout Tower |
| 4:35 | Footman |
| 4:40 | Divine Shield |
| 4:59 | Footman |
| 5:01 | Footman |
| 5:40 | Footman |
| 6:24 | Keep |
| 7:12 | Footman |
| Right click | 464 |
| Select group | 387 |
| Chat | 192 |
| Select | 120 |
| Build/train/purchase | 40 |
| Misc. action | 35 |
| Minimap ping | 35 |
| Assign group | 19 |
| Use ability | 2 |
| Esc | 2 |
| Item give/drop | 1 |
43 units @ 4.3k
/ 0.3k
19 buildings @ 3.5k
/ 1.3k

| Dust of Appearance | 1 | 75 |
| Staff of Teleportation | 1 | 150 |
| total: | 2 | 225g |
| Wisp | 20 | 1200 | / | 0 |
| Huntress | 4 | 780 | / | 80 |
| total: | 24 | 1980g | / | 80w |
| Altar of Elders | 1 | 180 | / | 50 |
| Moon Well | 3 | 540 | / | 120 |
| Tree of Life | 2 | 680 | / | 370 |
| Hunter's Hall | 1 | 210 | / | 100 |
| Ancient of War | 1 | 150 | / | 60 |
| Ancient of Wonders | 1 | 90 | / | 30 |
| Ancient of Lore | 1 | 155 | / | 145 |
| Tree of Ages | 1 | 320 | / | 180 |
| Tree of Eternity | 1 | 330 | / | 200 |
| total: | 10 | 2005g | / | 875w |
| 0:03 | Wisp |
| 0:06 | Altar of Elders |
| 0:14 | Wisp |
| 0:19 | Moon Well |
| 0:27 | Wisp |
| 0:27 | Wisp |
| 0:48 | Wisp |
| 0:48 | Wisp |
| 0:54 | Wisp |
| 0:54 | Wisp |
| 1:05 | Wisp |
| 1:17 | Wisp |
| 1:33 | Wisp |
| 2:00 | Tree of Life |
| 2:01 | Wisp |
| 2:04 | Wisp |
| 2:20 | Wisp |
| 2:27 | Mana Burn |
| 2:35 | Hunter's Hall |
| 2:39 | Ancient of War |
| 2:52 | Moon Well |
| 3:03 | Wisp |
| 3:03 | Wisp |
| 3:20 | Ancient of Wonders |
| 3:41 | Ultravision |
| 3:43 | Huntress |
| 4:05 | Staff of Teleportation |
| 4:06 | Dust of Appearance |
| 4:50 | Tree of Ages |
| 4:51 | Huntress |
| 5:10 | Moon Well |
| 5:23 | Evasion |
| 5:40 | Huntress |
| 6:03 | Huntress |
| 6:05 | Wisp |
| 6:05 | Wisp |
| 6:05 | Wisp |
| 6:05 | Wisp |
| 7:07 | Sentinel |
| 7:10 | Tree of Life |
| 7:16 | Ancient of Lore |
| 7:17 | Tree of Eternity |
| 7:19 | Mana Burn |
| Select group | 772 |
| Right click | 607 |
| Select | 90 |
| Assign group | 82 |
| Build/train/purchase | 50 |
| Misc. action | 27 |
| Use ability | 13 |
| Chat | 10 |
| Resource trade | 8 |
| Esc | 4 |
| Minimap ping | 2 |

| Rod of Necromancy | 1 | 150 |
| Sacrificial Skull | 1 | 50 |
| total: | 2 | 200g |
| Acolyte | 11 | 825 | / | 0 |
| Ghoul | 2 | 240 | / | 0 |
| Crypt Fiend | 6 | 1290 | / | 240 |
| total: | 19 | 2355g | / | 240w |
| Nerubian Tower | 2 | 200 | / | 40 |
| Spirit Tower | 1 | 145 | / | 40 |
| Graveyard | 1 | 215 | / | 0 |
| Crypt | 1 | 200 | / | 50 |
| Altar of Darkness | 1 | 180 | / | 50 |
| Ziggurat | 5 | 750 | / | 250 |
| Tomb of Relics | 1 | 130 | / | 30 |
| Halls of the Dead | 1 | 320 | / | 210 |
| total: | 9 | 1475g | / | 380w |
| 0:02 | Acolyte |
| 0:02 | Acolyte |
| 0:06 | Graveyard |
| 0:11 | Crypt |
| 0:14 | Acolyte |
| 0:33 | Altar of Darkness |
| 0:41 | Ziggurat |
| 1:08 | Tomb of Relics |
| 1:12 | Ghoul |
| 1:21 | Ziggurat |
| 1:33 | Ghoul |
| 1:53 | Crypt Fiend |
| 2:15 | Crypt Fiend |
| 2:33 | Carrion Beetles |
| 2:36 | Rod of Necromancy |
| 2:36 | Sacrificial Skull |
| 3:02 | Acolyte |
| 3:14 | Crypt Fiend |
| 3:36 | Ziggurat |
| 3:41 | Impale |
| 3:52 | Acolyte |
| 4:05 | Acolyte |
| 4:05 | Acolyte |
| 4:22 | Acolyte |
| 4:41 | Nerubian Tower |
| 4:49 | Crypt Fiend |
| 5:01 | Crypt Fiend |
| 5:47 | Carrion Beetles |
| 5:53 | Crypt Fiend |
| 5:59 | Nerubian Tower |
| 6:00 | Spirit Tower |
| 6:02 | Acolyte |
| 6:02 | Acolyte |
| 6:20 | Ziggurat |
| 6:22 | Ziggurat |
| 6:28 | Acolyte |
| 7:09 | Halls of the Dead |
| 7:11 | Creature Attack |
| Right click | 304 |
| Select | 212 |
| Select group | 98 |
| Build/train/purchase | 37 |
| Misc. action | 32 |
| Assign group | 18 |
| Use ability | 5 |
| Remove unit | 2 |
⇛